[Event "XVII Profigaia Open 2017"]
[Site "Gaia"]
[Date "2017.06.15"]
[Round "3"]
[White "De Moura, Fernando Alves"]
[Black "Marques, Ricardo Taborda Tri"]
[Result "1-0"]
[ECO "C13"]
[WhiteElo "1814"]
[BlackElo "1714"]
[Annotator "NA RC"]
[PlyCount "87"]
[EventDate "2017.??.??"]
[EventType "swiss"]
[EventCountry "POR"]
[SourceTitle "playchess.com"]
[Source "ChessBase"]
[SourceQuality "1"]
[TimeControl "5400+30"]

1. e4 e6 2. d4 d5 3. Nc3 Nf6 4. Bg5 Be7 5. e5 Nfd7 6. h4 Bxg5 7. hxg5 Qxg5 8. Nf3 Qe7 9. Qd2 {[%emt 0:01:52] C14: French: Classical System: 4 Bg5 Be7 main line} (9. Qd3 Nf8 10. O-O-O Bd7 11. Qe3 Nc6 12. a3 O-O-O 13. Bd3 Be8 14. Ne2 a6 15. Nf4 Ng6 16. Rh3 Nxf4 17. Qxf4 f6 18. Bxh7 Rf8 19. Qg3 fxe5 20. dxe5 {½-½ (20) Wen,Y (2487)-Nguyen,N (2579) Manila 2008}) 9... Nc6 10. O-O-O Nb6 11. Ng5 $146 ({Predecessor:} 11. Kb1 Bd7 12. Bd3 O-O-O 13. Rh5 f6 14. Rdh1 h6 15. Qf4 Rhf8 16. Qg3 fxe5 17. Nxe5 {0-1 (30) Kraujunas,V (1397)-Gimenes,H (1473) LSS email 2012}) 11... h6 12. f4 Rf8 13. Nf3 Bd7 14. Kb1 O-O-O 15. Rh3 f6 16. Bd3 fxe5 17. fxe5 Qb4 (17... Kb8 $17) 18. a3 Qa5 19. Qc1 Nc4 20. Bxc4 (20. Ne2 $11) 20... dxc4 21. Qe3 $1 $11 {[%emt 0:07:25] remains equal.} Qb6 22. Na4 Qa5 23. Nc5 Ne7 (23... b6 $17 24. Nxd7 Rxd7) 24. Ne4 (24. Nd2 $11 {remains equal.} Nd5 25. Qg3) 24... b6 25. Nfd2 Bb5 26. c3 Ba4 27. Re1 Qb5 28. Qe2 Bb3 29. Nxb3 Qxb3 30. Nd2 Qb5 31. Nxc4 a6 32. Nd2 Qxe2 33. Rxe2 Nd5 34. Rg3 g5 35. Kc2 Rf7 (35... Kb7 $11) 36. Ne4 Rdf8 37. Re1 Rf4 38. Rh3 Rh4 $1 39. c4 Rxh3 40. gxh3 Rf3 $2 (40... Nf4 $11) 41. cxd5 exd5 42. Nf6 c6 43. e6 Rf2+ 44. Kc1 1-0

[Event "XVII Profigaia Open 2017"]
[Site "Gaia"]
[Date "2017.06.15"]
[Round "3"]
[White "Silva, Ana Ines Teixeira D"]
[Black "Marinho, Antonio Pedro"]
[Result "1-0"]
[ECO "B13"]
[WhiteElo "1775"]
[BlackElo "1574"]
[Annotator "NA RC"]
[PlyCount "73"]
[EventDate "2017.??.??"]
[EventType "swiss"]
[EventCountry "POR"]
[SourceTitle "playchess.com"]
[Source "ChessBase"]
[SourceQuality "1"]
[TimeControl "5400+30"]

1. e4 c6 2. d4 d5 3. exd5 cxd5 4. Bd3 Nf6 5. c3 a6 6. h3 b5 7. Nf3 Nbd7 8. Bf4 e6 9. O-O Be7 10. Nbd2 Bb7 11. Re1 O-O 12. Ne5 Nxe5 13. dxe5 Nd7 14. Qg4 Re8 15. Bh6 Bf8 16. Bg5 Be7 17. Nf3 Bxg5 18. Bxh7+ Kh8 19. Nxg5 Qe7 20. Qh5 Qxg5 21. Qxg5 Kxh7 22. Rad1 g6 23. Rd4 Kg7 24. Rh4 Rh8 25. Re3 Rxh4 26. Qxh4 Re8 27. Qg5 Kf8 28. Qf4 Kg7 29. Rf3 Rf8 30. h4 Bc6 31. h5 d4 32. Rh3 dxc3 33. hxg6 fxg6 34. Qh6+ Kf7 35. Rxc3 Be4 36. Qh7+ Ke8 37. Rc8# 1-0

[Event "XVII Profigaia Open 2017"]
[Site "Gaia"]
[Date "2017.06.15"]
[Round "3"]
[White "Andrade, Nuno Filipe"]
[Black "Afonso, Paulo Jorge Pereira"]
[Result "1-0"]
[ECO "A40"]
[WhiteElo "1765"]
[BlackElo "1511"]
[Annotator "NA RC"]
[PlyCount "91"]
[EventDate "2017.??.??"]
[EventType "swiss"]
[EventCountry "POR"]
[SourceTitle "playchess.com"]
[Source "ChessBase"]
[SourceQuality "1"]
[TimeControl "5400+30"]

1. d4 e6 2. Nf3 Nf6 3. g3 Be7 4. Bg2 O-O 5. O-O Nc6 6. c4 d5 7. Nbd2 b6 8. b3 Bb7 9. Bb2 h6 10. e3 a5 11. Qe2 Nb4 12. Rfc1 Re8 13. Ne5 Bf8 14. a3 Na6 15. Rc2 c6 16. Rac1 Rb8 17. cxd5 Nxd5 18. Nxc6 Bxc6 19. Rxc6 Qd7 20. Qxa6 Ra8 21. Qd3 Bb4 22. axb4 Nxb4 23. Qc4 Nxc6 24. Bxc6 Qc8 25. Bxa8 Qxc4 26. Rxc4 Rxa8 27. Rc6 b5 28. Rb6 a4 29. Rxb5 axb3 30. Nxb3 Ra2 31. Nc5 Kf8 32. Rb7 Ke8 33. Ne4 Kf8 34. Bc3 Kg8 35. Nd6 Ra3 36. Bb4 Ra1+ 37. Kg2 f6 38. Ne8 Kh8 39. Nxg7 Rb1 40. Nxe6 Rb2 41. Nd8 Rb1 42. Be7 Rc1 43. Bxf6+ Kg8 44. Rg7+ Kf8 45. Ne6+ Ke8 46. Re7# 1-0

[Event "XVII Profigaia Open 2017"]
[Site "Gaia"]
[Date "2017.06.15"]
[Round "3"]
[White "Fernandes, Claudio Micael Sous"]
[Black "Soares, Sara Joana De Moura"]
[Result "1-0"]
[ECO "C21"]
[WhiteElo "1661"]
[BlackElo "1183"]
[Annotator "NA RC"]
[PlyCount "75"]
[EventDate "2017.??.??"]
[EventType "swiss"]
[EventCountry "POR"]
[SourceTitle "playchess.com"]
[Source "ChessBase"]
[SourceQuality "1"]
[TimeControl "5400+30"]

1. e4 e5 2. d4 exd4 3. c3 dxc3 4. Bc4 Nc6 5. Nxc3 Bc5 6. Qh5 Qf6 7. Qxc5 d6 8. Qb5 a6 9. Qa4 b5 10. Bxb5 axb5 11. Qxa8 Kd7 12. Nge2 Qd8 13. Nxb5 h6 14. Be3 Ne5 15. Ned4 Ke8 16. f4 Nd7 17. Nc6 Nb6 18. Bxb6 Qd7 19. Nxc7+ Kf8 20. e5 Ne7 21. Nxe7 Kxe7 22. exd6+ Kf8 23. O-O Kg8 24. Rae1 Kh7 25. Re7 Qxd6 26. Qe4+ Qg6 27. f5 Qxb6+ 28. Kh1 Qf6 29. Nd5 Qg5 30. f6+ Qg6 31. Rxf7 Rg8 32. fxg7 Qxe4 33. Nf6+ Kg6 34. Nxg8 Bb7 35. Ne7+ Kg5 36. g8=Q+ Kh5 37. R7f5+ Kh4 38. Qg3# 1-0

[Event "XVII Profigaia Open 2017"]
[Site "Gaia"]
[Date "2017.06.15"]
[Round "3"]
[White "Marques Montolio, Luis"]
[Black "Pipiras, Filipa Fortuna"]
[Result "1/2-1/2"]
[ECO "C77"]
[WhiteElo "1596"]
[BlackElo "1641"]
[Annotator "NA"]
[PlyCount "141"]
[EventDate "2017.??.??"]
[EventType "swiss"]
[EventCountry "POR"]
[SourceTitle "playchess.com"]
[Source "ChessBase"]
[SourceQuality "1"]
[TimeControl "5400+30"]

1. e4 e5 2. Nf3 Nc6 3. Bb5 a6 4. Ba4 Nf6 5. d3 b5 6. Bb3 Be7 7. Nc3 O-O 8. O-O d6 9. a3 Bg4 10. h3 Bh5 11. Nd5 Nd4 12. Nxf6+ Bxf6 13. g4 Nxf3+ 14. Qxf3 Bg6 15. Re1 Bg5 16. Kh2 Kh8 17. Bxg5 Qxg5 18. Qe3 Qh4 19. Rf1 h5 20. Qg3 Qf6 21. Rae1 h4 22. Qe3 Bh7 23. f3 g5 24. Re2 Qd8 25. Qd2 c6 26. Qc3 Rc8 27. Ba2 Qd7 28. Qa5 f6 29. Qxa6 Ra8 30. Qb6 c5 31. Bd5 Rfb8 32. Qc6 Qd8 33. Be6 Qe7 34. Qd7 Qf8 35. Qf7 Qd8 36. Qd7 Qxd7 37. Bxd7 Bg8 38. Rc1 Ra7 39. Bf5 b4 40. axb4 Rxb4 41. b3 Ra2 42. Rce1 Rb8 43. Bd7 Kg7 44. Bc6 Kf8 45. Kg1 Ke7 46. Kf1 Kd8 47. Rc1 Kc7 48. Ba4 c4 49. dxc4 Bxc4 50. bxc4 Rxa4 51. Rd2 Rxc4 52. Ke1 Rb2 53. Ke2 Ra2 54. Kd3 Rd4+ 55. Ke2 Rxd2+ 56. Kxd2 Ra3 57. Ke2 Rc3 58. Kf2 Kc6 59. Ke2 Kc5 60. Kf2 Kb4 61. Rb1+ Ka3 62. Rb6 Rxc2+ 63. Ke3 Rc3+ 64. Ke2 Rc2+ 65. Ke3 Rh2 66. Rxd6 Rxh3 67. Rxf6 Rh2 68. Rf5 h3 69. Rxg5 Rh1 70. Rh5 h2 71. Kf2 1/2-1/2

[Event "XVII Profigaia Open 2017"]
[Site "Gaia"]
[Date "2017.06.15"]
[Round "3"]
[White "Da Silva, Pedro Vieira Prado"]
[Black "Andrade, Ricardo Sarmento"]
[Result "0-1"]
[ECO "B32"]
[WhiteElo "1521"]
[BlackElo "1754"]
[Annotator "NA RC"]
[PlyCount "54"]
[EventDate "2017.??.??"]
[EventType "swiss"]
[EventCountry "POR"]
[SourceTitle "playchess.com"]
[Source "ChessBase"]
[SourceQuality "1"]
[TimeControl "5400+30"]

1. e4 c5 2. Nf3 Nc6 3. d4 cxd4 4. Nxd4 e5 5. Nb5 d6 6. N1c3 a6 7. Na3 Be7 8. Be3 Nf6 9. f3 b5 10. Nd5 Nxd5 11. Qxd5 Bb7 12. O-O-O Qc7 13. Qd2 O-O 14. Bd3 Rfd8 15. Be2 d5 16. exd5 Nb4 17. Kb1 Bxd5 18. Bd3 Bxa2+ 19. Ka1 Be6 20. Qe2 Nxd3 21. Rxd3 Rxd3 22. cxd3 Bxa3 23. bxa3 Qc3+ 24. Qb2 Qxd3 25. Re1 Rc8 26. Re2 Qd1+ 27. Qb1 Qxe2 0-1

[Event "XVII Profigaia Open 2017"]
[Site "Gaia"]
[Date "2017.06.15"]
[Round "3"]
[White "Ribeiro, Andre Amorim"]
[Black "Silva, Joao Miguel Carvalh"]
[Result "1-0"]
[ECO "C62"]
[WhiteElo "1463"]
[BlackElo "1502"]
[Annotator "NA RC"]
[PlyCount "75"]
[EventDate "2017.??.??"]
[EventType "swiss"]
[EventCountry "POR"]
[SourceTitle "playchess.com"]
[Source "ChessBase"]
[SourceQuality "1"]
[TimeControl "5400+30"]

1. e4 e5 2. Nf3 Nc6 3. Bb5 d6 4. d4 exd4 5. Nxd4 Bd7 6. O-O g6 7. c3 Bg7 8. Re1 Nge7 9. Bg5 h6 10. Be3 a6 11. Ba4 b5 12. Bc2 Ne5 13. Nd2 c5 14. N4f3 Bc6 15. Nxe5 Bxe5 16. Nf3 Bf6 17. Qd2 g5 18. h3 Qd7 19. Rad1 Rd8 20. Nh2 c4 21. Ng4 Bg7 22. Bd4 Bxd4 23. Qxd4 Ng6 24. Nf6+ Kf8 25. Nxd7+ Rxd7 26. Qb6 Bb7 27. Rxd6 Rxd6 28. Qxd6+ Kg7 29. Qc7 Bc8 30. g3 Bxh3 31. e5 h5 32. Bxg6 Kxg6 33. Qd6+ Kg7 34. Qf6+ Kg8 35. Rd1 Kh7 36. Qxf7+ Kh6 37. Rd6+ Be6 38. Rxe6# 1-0

[Event "XVII Profigaia Open 2017"]
[Site "Gaia"]
[Date "2017.06.15"]
[Round "3"]
[White "Coimbra, Joao Marcial Ferrei"]
[Black "Amorim, Vicente Nuno Marque"]
[Result "1/2-1/2"]
[ECO "C20"]
[WhiteElo "1402"]
[BlackElo "1084"]
[Annotator "NA RC"]
[PlyCount "79"]
[EventDate "2017.??.??"]
[EventType "swiss"]
[EventCountry "POR"]
[SourceTitle "playchess.com"]
[Source "ChessBase"]
[SourceQuality "1"]
[TimeControl "5400+30"]

1. c3 e5 2. e4 Nf6 3. d3 d6 4. Be2 Be7 5. Qa4+ Bd7 6. Qb3 O-O 7. Qxb7 Bc6 8. Qb3 d5 9. Nf3 dxe4 10. Nxe5 exd3 11. Nxd3 Bxg2 12. Rg1 Be4 13. c4 Kh8 14. Be3 Nc6 15. Nd2 Nd4 16. Bxd4 Qxd4 17. Qc3 Qxc3 18. bxc3 Rad8 19. Ne5 Bd6 20. f4 Rde8 21. Rg5 h6 22. Rg3 Bxe5 23. fxe5 Rxe5 24. Kf2 Bc6 25. Re3 Rfe8 26. Rxe5 Rxe5 27. Rb1 Ne4+ 28. Nxe4 Bxe4 29. Rb8+ Kh7 30. Rc8 c6 31. Rc7 a5 32. Rxf7 Rf5+ 33. Rxf5 Bxf5 34. Ke3 g5 35. Kd4 g4 36. Kc5 h5 37. Kxc6 h4 38. c5 g3 39. hxg3 hxg3 40. Bf3 1/2-1/2

[Event "XVII Profigaia Open 2017"]
[Site "Gaia"]
[Date "2017.06.15"]
[Round "3"]
[White "Alves, Damiao Fernando"]
[Black "Freitas, Ruben Manuel"]
[Result "0-1"]
[ECO "A50"]
[WhiteElo "1368"]
[BlackElo "1636"]
[Annotator "NA RC"]
[PlyCount "68"]
[EventDate "2017.??.??"]
[EventType "swiss"]
[EventCountry "POR"]
[SourceTitle "playchess.com"]
[Source "ChessBase"]
[SourceQuality "1"]
[TimeControl "5400+30"]

1. d4 Nf6 2. c4 d5 3. Nc3 Bf5 4. Nf3 e6 5. cxd5 exd5 6. Qb3 b6 7. Bg5 Be6 8. e3 Be7 9. Bb5+ c6 10. Bd3 Nbd7 11. O-O O-O 12. Rac1 c5 13. dxc5 d4 14. Bc4 Bxc4 15. Qxc4 dxc3 16. bxc3 Rc8 17. c6 Qc7 18. Nd4 Ne5 19. Qe2 Nxc6 20. Nb5 Qe5 21. Bf4 Qh5 22. Qb2 a6 23. Nd4 Nxd4 24. cxd4 b5 25. Rc7 Rxc7 26. Bxc7 Qd5 27. a4 Qc4 28. Be5 bxa4 29. Qb7 Bb4 30. Qf3 Qe6 31. h3 Rc8 32. g4 Qc6 33. Qg3 Ne4 34. Qh4 Nd2 0-1

[Event "XVII Profigaia Open 2017"]
[Site "Gaia"]
[Date "2017.06.15"]
[Round "3"]
[White "Marrios, Ruben"]
[Black "Freitas, Ruben Manuel"]
[Result "*"]
[ECO "D45"]
[WhiteElo "1315"]
[BlackElo "1636"]
[Annotator "NA RC"]
[PlyCount "86"]
[EventDate "2017.??.??"]
[EventType "swiss"]
[EventCountry "POR"]
[SourceTitle "playchess.com"]
[Source "ChessBase"]
[SourceQuality "1"]
[TimeControl "5400+30"]

1. d4 d5 2. c4 c6 3. Nc3 Nf6 4. e3 e6 5. Nf3 Bb4 6. Bd3 dxc4 7. Bxc4 O-O 8. O-O Bxc3 9. bxc3 Nbd7 10. Bd3 Re8 11. Qc2 h6 12. Re1 e5 13. e4 c5 14. Bb2 Qa5 15. Nd2 Qc7 16. Nf3 b6 17. d5 c4 18. Be2 b5 19. a4 Ba6 20. axb5 Bxb5 21. Ba3 Nc5 22. Nd2 Nd3 23. Reb1 a6 24. Rf1 Nd7 25. Nf3 N7c5 26. Bxc5 Qxc5 27. Nd2 f5 28. Bxd3 cxd3 29. Qb3 fxe4 30. c4 e3 31. cxb5 exd2 32. bxa6 Red8 33. Qxd3 Rxd5 34. Qb3 Ra7 35. Rfd1 Kh8 36. Ra2 Qc1 37. h3 Qc6 38. Qb8+ Kh7 39. Qxa7 Qc4 40. Raa1 Qc2 41. Qe3 e4 42. a7 Rd7 43. Qd3 Qxd3 *

[Event "XVII Profigaia Open 2017"]
[Site "Gaia"]
[Date "2017.06.15"]
[Round "3"]
[White "Rocha, Nuno Miguel"]
[Black "Silva, Mariana Sofia T"]
[Result "0-1"]
[ECO "D00"]
[WhiteElo "1287"]
[BlackElo "1922"]
[Annotator "NA RC"]
[PlyCount "162"]
[EventDate "2017.??.??"]
[EventType "swiss"]
[EventCountry "POR"]
[SourceTitle "playchess.com"]
[Source "ChessBase"]
[SourceQuality "1"]
[TimeControl "5400+30"]

1. d4 d5 2. Nc3 Nf6 3. Nf3 e6 4. Bg5 Be7 5. e3 h6 {[%emt 0:00:26] D03: 1 d4 d5 2 Nf3 Nf6 3 Bg5, including Torre Attack with early ...d5} (5... Nbd7 6. Bd3 c5 7. O-O b6 8. Bb5 O-O 9. Ne2 Bb7 10. c3 Ne4 11. Bf4 a6 12. Bd3 g5 13. Bg3 Nxg3 14. hxg3 {½-½ (67) Velten,P (2429)-Tregubov,P (2616) Saint-Quentin 2014}) 6. Bf4 c5 $146 ({Predecessor:} 6... c6 7. Bd3 Nbd7 8. Qe2 O-O 9. e4 dxe4 10. Nxe4 Nd5 11. Bg3 c5 12. c3 cxd4 13. Nxd4 e5 14. Nf5 N7b6 15. Qg4 Bxf5 16. Qxf5 Ne3 17. Nf6+ {1-0 (17) Ramon Serrano,F (2014)-Boixader Arbo,X (1831) Llinars del Valles 2015}) 7. Bb5+ Bd7 8. Bxd7+ Qxd7 9. Ne5 Qc7 10. O-O Nc6 11. Nxc6 Qxc6 12. Ne2 O-O 13. Be5 Bd6 14. Bxd6 Qxd6 15. h3 Rfe8 16. c3 Rac8 17. Ng3 e5 18. Rc1 Rcd8 19. Re1 Ne4 20. Nf5 {[%emt 0:01:56] [#]} (20. Nxe4 $11 {remains equal.} dxe4 21. dxc5 Qxc5 22. Qa4) 20... Qf6 $1 21. Qg4 exd4 22. cxd4 cxd4 23. f3 {[%emt 0:03:49] [#]} Nd6 $2 ({Black should try} 23... d3 $1 $19 24. Red1 h5 25. Qxg7+ Qxg7 26. Nxg7 Kxg7 27. fxe4 dxe4) 24. Nxd4 (24. Nxd6 $11 Rxd6 25. Qxd4) 24... Nc4 25. Qf4 Qxf4 (25... Qb6 $1 $15 26. Nf5 Qxb2) 26. exf4 Rxe1+ 27. Rxe1 Nxb2 28. Rb1 Nd3 29. g3 (29. Rxb7 $11 {keeps the balance.} Nxf4 30. Rxa7) 29... b6 30. Rb3 Nc5 31. Re3 Kf8 32. Nc6 Rd7 33. Ne5 Re7 34. Kf2 d4 35. Re2 d3 36. Rd2 f6 $2 (36... b5 $15) 37. Ng6+ Ke8 38. Nxe7 Kxe7 39. Ke3 Ke6 40. Kd4 Kd6 41. g4 Ke6 42. f5+ Kf7 (42... Kd6 {was worth a try.} 43. Rd1 Kc6) 43. h4 g6 44. Rg2 (44. fxg6+ $142 Kxg6 45. Ke3) 44... g5 $2 (44... gxf5 45. gxf5 h5) 45. hxg5 hxg5 46. Kc3 a5 (46... Kg8 $142 47. Rh2 Kg7) 47. Rb2 $4 (47. Kd4 $18 Ke7 48. Rb2) 47... Na4+ 48. Kb3 Nxb2 49. Kxb2 d2 50. Kc2 {[%emt 0:00:01] [#]} d1=Q+ $1 51. Kxd1 {[%emt 0:00:21] [#]} Ke7 $2 (51... b5 $1 $19 52. Kd2 Ke7 $1 $19 53. Kc3 Kd6) 52. Kd2 $2 {[%emt 0:00:13] [#]} (52. a4 $11) 52... Kd6 $2 53. Kd3 $2 (53. a4 $11) 53... Kd5 $2 (53... a4 $19 54. Kd4 b5) 54. Ke3 Ke5 55. a3 $2 (55. a4 $11) 55... b5 56. Kd3 Kf4 57. Ke2 b4 58. a4 b3 59. Kd2 b2 60. Kc2 {[%emt 0:00:05] [#]} b1=Q+ $1 61. Kxb1 Kxf3 62. Kc2 Kxg4 63. Kd3 Kxf5 64. Ke3 Ke5 65. Kf3 f5 66. Kg3 f4+ 67. Kf2 g4 68. Kg2 f3+ 69. Kf2 Kd4 70. Kf1 Kc4 71. Kf2 Kb4 72. Kg3 Kxa4 73. Kf2 Kb3 74. Kf1 Kb2 75. Kf2 a4 76. Ke3 a3 77. Kf2 a2 78. Kf1 a1=Q+ 79. Kf2 Qa7+ 80. Ke1 Kc3 81. Kf1 Qa2 0-1

[Event "XVII Profigaia Open 2017"]
[Site "Gaia"]
[Date "2017.06.15"]
[Round "3"]
[White "Triunfante, Armando"]
[Black "Catarro, Jose Joao Dias"]
[Result "0-1"]
[ECO "B01"]
[WhiteElo "1231"]
[BlackElo "1833"]
[Annotator "NA RC"]
[PlyCount "90"]
[EventDate "2017.??.??"]
[EventType "swiss"]
[EventCountry "POR"]
[SourceTitle "playchess.com"]
[Source "ChessBase"]
[SourceQuality "1"]
[TimeControl "5400+30"]

1. e4 d5 2. exd5 Qxd5 3. Nc3 Qd6 4. Nf3 a6 {[%emt 0:01:15] B01: Scandinavian Defence} (4... Nf6 5. h3 g6 6. Bc4 Bg7 7. d3 O-O 8. O-O a6 9. a4 c5 10. Re1 Nc6 11. Ne4 Nxe4 12. dxe4 Nd4 {1-0 (53) Anton Guijarro,D (2627)-Vakhidov,J (2578) Almaty 2016}) 5. Be2 Nf6 6. h3 b5 7. a3 Bb7 8. d4 e6 9. Be3 Be7 10. Qd2 O-O 11. O-O Nbd7 12. Bf4 Qb6 13. Rad1 Rad8 14. Na2 $146 (14. b4 $11) ({Predecessor:} 14. Qc1) 14... c5 15. c3 Bd5 16. Nc1 Ne4 17. Qe3 cxd4 18. cxd4 Ndf6 19. Nd2 Rc8 20. Nxe4 Bxe4 21. Bd3 Bxd3 22. Nxd3 Nd5 23. Qe4 Rfd8 24. Be3 a5 25. Nf4 Bf6 26. Rc1 Nxf4 27. Qxf4 Qb8 28. Qxb8 Rxb8 29. Rfd1 b4 30. a4 Rd5 31. b3 Rbd8 32. Rc4 (32. f4 $15) 32... e5 33. Kf1 exd4 34. Bf4 d3 35. Ke1 Rd4 36. Bc7 Rxc4 37. Bxd8 Re4+ 38. Kf1 Bxd8 39. Rxd3 Re8 40. f3 Bh4 41. Kg1 Bg3 42. Rd1 h5 43. Rb1 Re3 44. f4 f5 45. Rf1 Rxb3 0-1

[Event "XVII Profigaia Open 2017"]
[Site "Gaia"]
[Date "2017.06.15"]
[Round "3"]
[White "Couto, Gaspar Sousa"]
[Black "Brandao, Alvaro Sousa"]
[Result "0-1"]
[ECO "B90"]
[WhiteElo "1182"]
[BlackElo "1605"]
[Annotator "NA RC"]
[PlyCount "119"]
[EventDate "2017.??.??"]
[EventType "swiss"]
[EventCountry "POR"]
[SourceTitle "playchess.com"]
[Source "ChessBase"]
[SourceQuality "1"]
[TimeControl "5400+30"]

1. e4 c5 2. Nf3 d6 3. d4 cxd4 4. Nxd4 Nf6 5. Nc3 a6 6. Be3 e5 7. Nb3 Be6 8. Be2 Be7 9. Qd2 O-O 10. O-O-O Nbd7 11. g3 b5 12. f4 Bxb3 13. axb3 Qa5 14. Kb1 Qc7 15. Bf3 Rfd8 16. f5 b4 17. Na4 a5 18. g4 Nc5 19. Nxc5 dxc5 20. Qg2 Ne8 21. h4 a4 22. Rxd8 Bxd8 23. Be2 axb3 24. cxb3 Nd6 25. g5 f6 26. Rc1 Ra5 27. Bd2 Qa7 28. Be3 Ra1+ 29. Kc2 Rxc1+ 30. Bxc1 Qb7 31. Bd3 Nxf5 32. Qg4 Nd4+ 33. Kd1 Kh8 34. Bc4 Qe7 35. gxf6 Qxf6 36. Bg5 Qf8 37. Bd5 Bxg5 38. hxg5 Qf3+ 39. Qxf3 Nxf3 40. g6 hxg6 41. Be6 Nd4 42. Bd7 Nxb3 43. Kc2 c4 44. Be8 Kh7 45. Bf7 Na5 46. Kd2 g5 47. Be6 g6 48. Ke2 Kh6 49. Bg4 Kg7 50. Ke3 Kf6 51. Ke2 Nb3 52. Bd7 Nc5 53. Bb5 c3 54. b3 Nxb3 55. Bc4 Nd4+ 56. Kd3 c2 57. Kd2 b3 58. Kc1 g4 59. Kd2 b2 60. Bd3 0-1

[Event "XVII Profigaia Open 2017"]
[Site "Gaia"]
[Date "2017.06.15"]
[Round "3"]
[White "Borges, Afonso Maria De Alm"]
[Black "Sismeiro, Miguel"]
[Result "0-1"]
[ECO "C54"]
[WhiteElo "1124"]
[BlackElo "1528"]
[Annotator "NA RC"]
[PlyCount "46"]
[EventDate "2017.??.??"]
[EventType "swiss"]
[EventCountry "POR"]
[SourceTitle "playchess.com"]
[Source "ChessBase"]
[SourceQuality "1"]
[TimeControl "5400+30"]

1. e4 e5 2. Nf3 Nc6 3. Bc4 Bc5 4. c3 Nf6 5. d4 exd4 6. e5 d5 7. Bb5 Ne4 8. cxd4 Bb6 9. Be3 O-O 10. Nc3 Bg4 11. Qc2 Bf5 12. Qb3 Ne7 13. O-O c6 14. Be2 f6 15. Rad1 fxe5 16. Nxe5 Ng6 17. f4 Nxe5 18. fxe5 Kh8 19. Bd3 Nxc3 20. bxc3 Bxd3 21. Rxd3 Rxf1+ 22. Kxf1 Qh4 23. Kg1 Qe1# {[%emt 0:01:12] Kf1 Qh4 Kg1 Qe1#} 0-1

[Event "XVII Profigaia Open 2017"]
[Site "Gaia"]
[Date "2017.06.16"]
[Round "4"]
[White "Quinta, Daniel"]
[Black "De Sousa Da Silva, Armando"]
[Result "1-0"]
[ECO "C00"]
[WhiteElo "2064"]
[BlackElo "1926"]
[Annotator "NA RC"]
[PlyCount "37"]
[EventDate "2017.??.??"]
[EventType "swiss"]
[EventCountry "POR"]
[SourceTitle "playchess.com"]
[Source "ChessBase"]
[SourceQuality "1"]
[TimeControl "5400+30"]

1. e4 e6 2. c4 c5 3. Nc3 Nc6 4. Nf3 Qc7 5. g3 Nf6 6. Bg2 Be7 7. O-O a6 8. d3 Rb8 {[%emt 0:04:17] [#]} (8... d6 $14) 9. e5 $1 Ng8 10. a4 f6 {[%emt 0:05:07] [#]} 11. Re1 (11. Bf4 $1 $16 f5 12. d4 Nxd4 13. Nxd4 cxd4 14. Qxd4) 11... f5 (11... fxe5 $14 12. Nxe5 Nf6) 12. Bf4 g6 (12... b6 $16) 13. Nd5 Qd8 14. Nf6+ $2 (14. Nxe7 $18 Ngxe7 15. Bg5) 14... Kf8 (14... Nxf6 $14 15. exf6 Bxf6) 15. d4 cxd4 16. Nxd4 Nxd4 (16... Ra8 $16) 17. Qxd4 Nxf6 $18 (17... b6 18. Red1 h6 19. Nxd7+ Bxd7) 18. exf6 Bxf6 19. Qd6+ 1-0

[Event "XVII Profigaia Open 2017"]
[Site "Gaia"]
[Date "2017.06.16"]
[Round "4"]
[White "Da Silva, Daniel Leite"]
[Black "Ferreira, Nuno Messeder"]
[Result "1-0"]
[ECO "B07"]
[WhiteElo "2033"]
[BlackElo "1595"]
[Annotator "NA"]
[PlyCount "143"]
[EventDate "2017.??.??"]
[EventType "swiss"]
[EventCountry "POR"]
[SourceTitle "playchess.com"]
[Source "ChessBase"]
[SourceQuality "1"]
[TimeControl "5400+30"]

1. e4 d6 2. d4 Nf6 3. Nc3 c6 4. h3 g6 5. Nf3 Bg7 6. Be3 b5 7. Bd3 {[%emt 0:02:35] B08: Pirc Defence: Classical System} a6 (7... O-O 8. Qd2 Nbd7 9. O-O Bb7 10. e5 Ne8 11. exd6 exd6 12. Bh6 a6 13. Ne4 Qc7 14. Bf4 Rd8 15. Rfe1 c5 16. c3 Qb6 17. Rad1 {0-1 (46) Tissir,M (2376)-Maghsoodloo,P (2584) Doha 2016}) 8. O-O Nbd7 9. a3 (9. e5 $14 dxe5 10. dxe5) 9... Qc7 10. Ne2 O-O 11. c3 $146 ({Predecessor:} 11. Rc1 Nb6 12. b3 Nfd7 13. Qd2 c5 14. c4 bxc4 15. Bxc4 Nxc4 16. Rxc4 {½-½ (60) Giss,H (2040)-Birkholz,O (2068) Germany 2016}) 11... Bb7 12. Nd2 e5 13. f3 c5 14. d5 c4 15. Bc2 Kh8 16. Kh2 Ng8 17. Ng3 Ndf6 18. Rf2 ({White should try} 18. f4 $14) 18... Ne7 19. Ndf1 Bc8 (19... Nd7 $11) 20. Bg5 ({Better is} 20. Qd2 $14) 20... h6 21. Bxf6 Bxf6 22. Qb1 {[%emt 0:02:05] [#]} (22. f4 $11 {remains equal.}) 22... Bg5 $1 23. Ne2 Qd7 (23... Qc5 $17 24. Qe1 f5 25. exf5 Bxf5 26. Bxf5 Nxf5) 24. f4 Bf6 25. f5 (25. Kh1 $11 {keeps the balance.}) 25... g5 $2 (25... gxf5 $15 {stays ahead.} 26. exf5 Nxd5) 26. Ne3 Ng8 27. Ng3 Bd8 28. Qd1 f6 29. Qf3 Qh7 30. Nh5 Bd7 31. g4 Be8 32. Ng3 Bb6 33. Re1 Qa7 34. Rfe2 Rf7 35. Rh1 Rh7 36. Kg2 Qf7 37. Bd1 Qg7 38. Ree1 Bf7 39. Nc2 a5 40. Be2 Qf8 41. Rb1 Be8 ({Black should try} 41... a4 $14) 42. b3 Bc5 43. bxc4 bxc4 44. Bxc4 Ba4 45. Bb3 Qe8 46. c4 Rc7 47. Ne3 (47. Rhc1 $16) 47... Qd7 48. Rhc1 Kh7 ({Better is} 48... Bxb3 $14 49. Rxb3 a4) 49. Kf2 $2 (49. Nef1 $18) 49... Bxa3 50. Bxa4 Qxa4 51. Rc3 Bc5 52. Qh1 (52. Ne2 $11) 52... Qa2+ 53. Kf3 Bd4 54. Rcb3 (54. Rc2 $11 {remains equal.} Qa3 55. Qe1) 54... Qa4 $2 (54... a4 $17 55. Rd3 a3) 55. Rb7 (55. Qc1 $11 {keeps the balance.}) 55... Rac8 ({Better is} 55... Qd7 $1 $15 56. Rxc7 Qxc7) 56. Qf1 Qa3 (56... Bxe3 $5 57. Kxe3 Rxb7 58. Rxb7+ Kh8 $11) 57. Qe2 (57. R1b3 $14 Qc5 58. R7b5) 57... Kh8 58. Rxc7 (58. R7b3 $11 Qa4 59. Ngf1) 58... Rxc7 59. Ngf1 a4 60. Rb5 Ne7 61. Kg2 (61. Rb8+ $1 $11 {remains equal.} Kg7 62. Qc2) 61... Qc3 62. Rb8+ Kg7 63. Ra8 $2 (63. Kf3 $17) 63... Rb7 64. Kf3 $2 (64. Nd1 Qa1 65. Qc2) 64... a3 65. Qc2 Qa1 66. Qa4 Bc5 $4 (66... Bxe3 $19 67. Nxe3 Qh1+ 68. Ke2 Rb2+ 69. Kd3 Qb1+ 70. Nc2 Rb3+ 71. Kd2 Qb2 72. Qxb3 Qxb3) 67. Qe8 Qxf1+ 68. Nxf1 Rb3+ 69. Ke2 Rb2+ 70. Nd2 Rxd2+ 71. Kxd2 Be3+ 72. Ke2 1-0